2525 views
Uploaded 2021-09-13 12:46:28
Game version 1.32.10
27:33 long 3on3 ladder game on (6)Monsoon_LV
Saved by xzz
2525 views
Uploaded 2021-09-13 12:46:28
Game version 1.32.10
27:33 long 3on3 ladder game on (6)Monsoon_LV


115 units @ 15.3k
/ 1.8k
53 buildings @ 7.5k
/ 3.3k

| Wisp | 18 | 1080 | / | 0 |
| Archer | 12 | 1560 | / | 120 |
| Hippogryph | 9 | 1440 | / | 180 |
| total: | 39 | 4080g | / | 300w |
| Moon Well | 5 | 900 | / | 200 |
| Altar of Elders | 1 | 180 | / | 50 |
| Ancient of War | 1 | 150 | / | 60 |
| Hunter's Hall | 1 | 210 | / | 100 |
| Tree of Life | 2 | 680 | / | 370 |
| Ancient of Wind | 2 | 300 | / | 280 |
| Tree of Ages | 1 | 320 | / | 180 |
| total: | 12 | 2420g | / | 1060w |
| 0:11 | Wisp |
| 0:11 | Wisp |
| 0:11 | Wisp |
| 0:21 | Moon Well |
| 0:27 | Altar of Elders |
| 0:34 | Wisp |
| 0:59 | Ancient of War |
| 1:05 | Wisp |
| 1:24 | Moon Well |
| 1:26 | Wisp |
| 1:41 | Wisp |
| 1:46 | Wisp |
| 2:01 | Archer |
| 2:08 | Wisp |
| 2:16 | Archer |
| 2:28 | Archer |
| 2:38 | Trueshot Aura |
| 2:56 | Archer |
| 3:01 | Hunter's Hall |
| 3:13 | Archer |
| 3:29 | Moon Well |
| 3:54 | Archer |
| 4:01 | Searing Arrows |
| 4:16 | Tree of Ages |
| 4:24 | Archer |
| 4:31 | Strength of the Moon |
| 4:48 | Archer |
| 5:18 | Archer |
| 5:28 | Tree of Life |
| 5:38 | Archer |
| 6:14 | Moon Well |
| 6:46 | Improved Bows |
| 7:16 | Ancient of Wind |
| 7:20 | Wisp |
| 7:20 | Wisp |
| 7:26 | Ancient of Wind |
| 7:34 | Tree of Life |
| 7:40 | Improved Strength of the Moon |
| 7:47 | Wisp |
| 7:48 | Wisp |
| 8:19 | Trueshot Aura |
| 8:27 | Hippogryph |
| 8:27 | Hippogryph |
| 8:35 | Hippogryph |
| 8:35 | Hippogryph |
| 8:55 | Moon Well |
| 9:32 | Hippogryph |
| 9:32 | Hippogryph |
| 9:57 | Hippogryph |
| 9:57 | Hippogryph |
| 10:17 | Archer |
| 10:21 | Hippogryph |
| 10:50 | Wisp |
| 10:50 | Wisp |
| 10:50 | Wisp |
| 10:51 | Wisp |
| 10:53 | Wisp |
| 11:15 | Archer |
| Right click | 251 |
| Select | 155 |
| Build/train/purchase | 52 |
| Use ability | 2 |
| Remove unit | 1 |


| Peasant | 17 | 1275 | / | 0 |
| Footman | 8 | 1080 | / | 0 |
| Rifleman | 7 | 1435 | / | 210 |
| Mortar Team | 2 | 360 | / | 140 |
| Priest | 8 | 1080 | / | 80 |
| Siege Engine | 4 | 780 | / | 240 |
| Knight | 2 | 490 | / | 120 |
| Mud Golem | 2 | 290 | / | 20 |
| Ogre Magi | 1 | 320 | / | 50 |
| Gnoll Warden | 2 | 430 | / | 40 |
| Gnoll Brute | 2 | 430 | / | 40 |
| Archer | 3 | 390 | / | 30 |
| Hippogryph | 3 | 480 | / | 60 |
| total: | 61 | 8840g | / | 1030w |
| Scout Tower | 5 | 150 | / | 100 |
| Arcane Tower | 1 | 70 | / | 50 |
| Guard Tower | 4 | 280 | / | 200 |
| Farm | 12 | 960 | / | 240 |
| Altar of Kings | 1 | 180 | / | 50 |
| Barracks | 1 | 160 | / | 60 |
| Lumber Mill | 2 | 240 | / | 0 |
| Blacksmith | 1 | 140 | / | 60 |
| Town Hall | 1 | 385 | / | 205 |
| Arcane Vault | 1 | 130 | / | 30 |
| Arcane Sanctum | 2 | 300 | / | 280 |
| Workshop | 2 | 280 | / | 280 |
| Keep | 2 | 640 | / | 420 |
| Castle | 1 | 360 | / | 210 |
| Tree of Life | 1 | 340 | / | 185 |
| total: | 29 | 3265g | / | 1490w |
| 0:03 | Peasant |
| 0:03 | Peasant |
| 0:28 | Farm |
| 0:29 | Peasant |
| 0:35 | Altar of Kings |
| 0:39 | Peasant |
| 0:49 | Peasant |
| 0:52 | Barracks |
| 1:04 | Peasant |
| 1:08 | Farm |
| 1:13 | Peasant |
| 1:17 | Peasant |
| 1:24 | Lumber Mill |
| 1:27 | Peasant |
| 1:49 | Farm |
| 1:53 | Footman |
| 2:05 | Peasant |
| 2:14 | Footman |
| 2:25 | Blacksmith |
| 2:42 | Footman |
| 2:47 | Farm |
| 2:56 | Summon Water Elemental |
| 3:06 | Footman |
| 3:17 | Keep |
| 3:43 | Rifleman |
| 4:08 | Scout Tower |
| 4:17 | Brilliance Aura |
| 4:50 | Town Hall |
| 5:05 | Lumber Mill |
| 5:13 | Footman |
| 5:13 | Footman |
| 5:39 | Peasant |
| 5:39 | Peasant |
| 5:40 | Peasant |
| 5:52 | Peasant |
| 6:05 | Peasant |
| 6:08 | Improved Lumber Harvesting |
| 6:11 | Rifleman |
| 6:32 | Peasant |
| 6:34 | Scout Tower |
| 6:40 | Scout Tower |
| 6:49 | Black Arrow |
| 6:59 | Peasant |
| 7:02 | Farm |
| 7:05 | Farm |
| 7:09 | Arcane Tower |
| 7:10 | Guard Tower |
| 7:32 | Summon Water Elemental |
| 8:15 | Mud Golem |
| 8:15 | Mud Golem |
| 8:15 | Ogre Magi |
| 8:15 | Gnoll Warden |
| 8:16 | Gnoll Warden |
| 8:16 | Gnoll Brute |
| 8:16 | Gnoll Brute |
| 8:22 | Castle |
| 8:25 | Arcane Sanctum |
| 8:27 | Workshop |
| 8:35 | Arcane Sanctum |
| 8:41 | Footman |
| 8:41 | Footman |
| 8:45 | Farm |
| 8:46 | Black Gunpowder |
| 8:47 | Studded Leather Armor |
| 9:56 | Life Drain |
| 9:59 | Rifleman |
| 9:59 | Rifleman |
| 10:01 | Mortar Team |
| 10:01 | Mortar Team |
| 10:06 | Priest |
| 10:06 | Priest |
| 10:07 | Priest |
| 10:09 | Farm |
| 10:12 | Scout Tower |
| 10:16 | Scout Tower |
| 10:23 | Arcane Vault |
| 10:41 | Guard Tower |
| 10:43 | Farm |
| 10:46 | Farm |
| 10:53 | Barrage |
| 10:55 | Siege Engine |
| 10:55 | Siege Engine |
| 10:59 | Farm |
| 11:44 | Knight |
| 11:45 | Knight |
| 11:49 | Priest |
| 11:49 | Priest |
| 11:52 | Farm |
| 12:02 | Archer |
| 12:02 | Archer |
| 12:02 | Archer |
| 12:31 | Hippogryph |
| 12:32 | Hippogryph |
| 12:32 | Hippogryph |
| 12:45 | Tree of Life |
| 13:01 | Siege Engine |
| 13:04 | Priest |
| 13:08 | Priest Adept Training |
| 13:16 | Blizzard |
| 14:12 | Siege Engine |
| 14:13 | Priest |
| 14:13 | Priest |
| 14:15 | Rifleman |
| 14:15 | Rifleman |
| 14:15 | Rifleman |
| 14:19 | Workshop |
| 14:20 | Guard Tower |
| 14:35 | Black Arrow |
| 14:39 | Silence |
| Right click | 397 |
| Select | 258 |
| Build/train/purchase | 107 |
| Select group | 35 |
| Assign group | 27 |
| Chat | 18 |
| Resource trade | 15 |
| Minimap ping | 10 |
| Use ability | 8 |
| Remove unit | 2 |

| Lesser Clarity Potion | 9 | 630 |
| Healing Salve | 3 | 300 |
| Scroll of Speed | 2 | 100 |
| Circlet of Nobility | 1 | 175 |
| Boots of Speed | 1 | 250 |
| Staff of Teleportation | 1 | 150 |
| total: | 17 | 1605g |
| Peon | 9 | 675 | / | 0 |
| Tauren | 6 | 1680 | / | 480 |
| total: | 15 | 2355g | / | 480w |
| Watch Tower | 2 | 220 | / | 160 |
| Altar of Storms | 1 | 180 | / | 50 |
| Orc Burrow | 5 | 800 | / | 200 |
| Voodoo Lounge | 1 | 130 | / | 30 |
| War Mill | 1 | 205 | / | 0 |
| Tauren Totem | 2 | 270 | / | 310 |
| Stronghold | 3 | 945 | / | 570 |
| Fortress | 3 | 975 | / | 570 |
| total: | 12 | 1805g | / | 750w |
| 0:03 | Peon |
| 0:06 | Altar of Storms |
| 0:11 | Orc Burrow |
| 0:13 | Peon |
| 0:27 | Peon |
| 0:45 | Peon |
| 0:51 | Voodoo Lounge |
| 0:56 | Peon |
| 1:13 | Peon |
| 1:22 | War Mill |
| 1:26 | Peon |
| 1:40 | Peon |
| 1:51 | Orc Burrow |
| 2:06 | Wind Walk |
| 2:09 | Lesser Clarity Potion |
| 2:10 | Healing Salve |
| 2:12 | Lesser Clarity Potion |
| 2:12 | Lesser Clarity Potion |
| 2:12 | Lesser Clarity Potion |
| 2:21 | Scroll of Speed |
| 2:21 | Scroll of Speed |
| 2:33 | Peon |
| 2:49 | Circlet of Nobility |
| 2:56 | Watch Tower |
| 3:31 | Stronghold |
| 3:31 | Stronghold |
| 3:53 | Steel Armor |
| 4:04 | Watch Tower |
| 4:57 | Steel Melee Weapons |
| 5:43 | Boots of Speed |
| 5:56 | Fortress |
| 6:00 | Tauren Totem |
| 6:07 | Tauren Totem |
| 6:11 | Lesser Clarity Potion |
| 6:12 | Lesser Clarity Potion |
| 6:13 | Healing Salve |
| 6:20 | Thorium Armor |
| 6:20 | Arcanite Armor |
| 6:44 | Lesser Clarity Potion |
| 7:08 | Thorium Melee Weapons |
| 7:14 | Orc Burrow |
| 7:32 | Critical Strike |
| 8:17 | Staff of Teleportation |
| 8:31 | Tauren |
| 9:35 | Tauren |
| 9:36 | Tauren |
| 9:46 | Orc Burrow |
| 9:58 | Wind Walk |
| 10:27 | Pulverize |
| 10:41 | Tauren |
| 11:05 | Healing Salve |
| 11:08 | Lesser Clarity Potion |
| 11:10 | Lesser Clarity Potion |
| 11:39 | Arcanite Melee Weapons |
| 11:41 | Tauren |
| 12:22 | Critical Strike |
| 12:36 | Tauren |
| 12:38 | Orc Burrow |
| 13:12 | Scout |
| Right click | 707 |
| Select | 222 |
| Select group | 181 |
| Build/train/purchase | 99 |
| Misc. action | 38 |
| Use ability | 27 |
| Assign group | 5 |
| Minimap ping | 2 |
| Item give/drop | 1 |
122 units @ 14.1k
/ 2.3k
55 buildings @ 8.7k
/ 4.3k

| Lesser Clarity Potion | 4 | 280 |
| Scroll of Speed | 2 | 100 |
| Healing Salve | 2 | 200 |
| Orb of Lightning | 1 | 375 |
| Scroll of Healing | 1 | 250 |
| Staff of Teleportation | 1 | 150 |
| Potion of Lesser Invulnerability | 1 | 150 |
| Scroll of Protection | 1 | 150 |
| total: | 13 | 1655g |
| Peon | 13 | 975 | / | 0 |
| Troll Batrider | 16 | 2560 | / | 640 |
| total: | 29 | 3535g | / | 640w |
| Watch Tower | 12 | 1320 | / | 960 |
| Altar of Storms | 1 | 180 | / | 50 |
| Orc Burrow | 4 | 640 | / | 160 |
| Voodoo Lounge | 1 | 130 | / | 30 |
| War Mill | 1 | 205 | / | 0 |
| Barracks | 1 | 180 | / | 50 |
| Beastiary | 3 | 435 | / | 420 |
| Spirit Lodge | 2 | 300 | / | 300 |
| Stronghold | 1 | 315 | / | 190 |
| Fortress | 1 | 325 | / | 190 |
| total: | 25 | 3390g | / | 1970w |
| 0:06 | Peon |
| 0:06 | Peon |
| 0:09 | Altar of Storms |
| 0:10 | Orc Burrow |
| 0:34 | Peon |
| 0:44 | Voodoo Lounge |
| 0:54 | Peon |
| 1:17 | Peon |
| 1:33 | Peon |
| 2:11 | Lesser Clarity Potion |
| 2:11 | Scroll of Speed |
| 2:16 | Stronghold |
| 2:19 | Wind Walk |
| 2:22 | War Mill |
| 3:37 | Watch Tower |
| 3:39 | Watch Tower |
| 4:42 | Beastiary |
| 4:43 | Peon |
| 4:55 | Orc Burrow |
| 5:01 | Peon |
| 5:20 | Beastiary |
| 5:23 | Healing Salve |
| 5:23 | Lesser Clarity Potion |
| 5:27 | Lesser Clarity Potion |
| 5:29 | Peon |
| 5:45 | Troll Batrider |
| 5:52 | Watch Tower |
| 5:55 | Peon |
| 6:13 | Troll Batrider |
| 6:18 | Orc Burrow |
| 6:40 | Troll Batrider |
| 6:45 | Watch Tower |
| 6:48 | Watch Tower |
| 6:51 | Peon |
| 6:55 | Troll Batrider |
| 7:27 | Fortress |
| 7:50 | Troll Batrider |
| 8:12 | Orc Burrow |
| 8:22 | Troll Batrider |
| 8:52 | Troll Batrider |
| 8:56 | Steel Ranged Weapons |
| 9:06 | Troll Batrider |
| 9:33 | Critical Strike |
| 9:52 | Liquid Fire |
| 9:55 | Troll Batrider |
| 10:12 | Reinforced Defenses |
| 10:17 | Watch Tower |
| 11:02 | Watch Tower |
| 11:04 | Watch Tower |
| 11:06 | Watch Tower |
| 11:48 | Troll Batrider |
| 12:18 | Troll Batrider |
| 12:20 | Beastiary |
| 12:22 | Watch Tower |
| 12:40 | Peon |
| 12:40 | Peon |
| 12:47 | Scroll of Speed |
| 12:59 | Troll Batrider |
| 13:20 | Troll Batrider |
| 13:41 | Wind Walk |
| 13:57 | Troll Batrider |
| 15:00 | Troll Batrider |
| 15:34 | Troll Batrider |
| 16:22 | Steel Armor |
| 16:29 | Watch Tower |
| 16:36 | Watch Tower |
| 17:08 | Barracks |
| 17:12 | Spiked Barricades |
| 17:35 | Critical Strike |
| 18:38 | Troll Regeneration |
| 18:41 | Thorium Ranged Weapons |
| 19:56 | Thorium Armor |
| 21:30 | Improved Spiked Barricades |
| 22:38 | Orb of Lightning |
| 22:38 | Healing Salve |
| 22:38 | Lesser Clarity Potion |
| 22:50 | Arcanite Ranged Weapons |
| 23:12 | Staff of Teleportation |
| 23:13 | Potion of Lesser Invulnerability |
| 23:16 | Scroll of Healing |
| 23:49 | Scroll of Protection |
| 24:34 | Wind Walk |
| 25:18 | Arcanite Armor |
| 25:25 | Spirit Lodge |
| 25:31 | Spirit Lodge |
| Right click | 908 |
| Select | 371 |
| Chat | 114 |
| Build/train/purchase | 111 |
| Select group | 97 |
| Use ability | 21 |
| Assign group | 19 |
| Misc. action | 4 |
| Minimap ping | 4 |
| Item give/drop | 2 |


| Dust of Appearance | 2 | 150 |
| Scroll of Town Portal | 1 | 350 |
| Boots of Speed | 1 | 250 |
| total: | 4 | 750g |
| Wisp | 22 | 1320 | / | 0 |
| Archer | 15 | 1950 | / | 150 |
| Dryad | 5 | 725 | / | 300 |
| Hippogryph | 3 | 480 | / | 60 |
| total: | 45 | 4475g | / | 510w |
| Ancient Protector | 2 | 270 | / | 160 |
| Altar of Elders | 1 | 180 | / | 50 |
| Moon Well | 5 | 900 | / | 200 |
| Ancient of War | 1 | 150 | / | 60 |
| Ancient of Wonders | 1 | 90 | / | 30 |
| Hunter's Hall | 1 | 210 | / | 100 |
| Tree of Life | 1 | 340 | / | 185 |
| Ancient of Lore | 2 | 310 | / | 290 |
| Ancient of Wind | 1 | 150 | / | 140 |
| Tree of Ages | 1 | 320 | / | 180 |
| Tree of Eternity | 1 | 330 | / | 200 |
| total: | 15 | 2600g | / | 1215w |
| 0:02 | Wisp |
| 0:02 | Wisp |
| 0:14 | Wisp |
| 0:20 | Altar of Elders |
| 0:24 | Wisp |
| 0:33 | Moon Well |
| 0:44 | Wisp |
| 0:47 | Ancient of War |
| 1:02 | Wisp |
| 1:03 | Wisp |
| 1:35 | Wisp |
| 1:38 | Moon Well |
| 1:41 | Wisp |
| 1:42 | Wisp |
| 1:47 | Archer |
| 1:58 | Ancient of Wonders |
| 2:32 | Moon Well |
| 2:33 | Archer |
| 2:35 | Wisp |
| 2:36 | Archer |
| 2:39 | Wisp |
| 2:44 | Black Arrow |
| 2:59 | Archer |
| 3:00 | Wisp |
| 3:27 | Archer |
| 3:34 | Archer |
| 3:38 | Wisp |
| 3:38 | Wisp |
| 4:38 | Archer |
| 4:38 | Archer |
| 4:39 | Tree of Ages |
| 4:49 | Dust of Appearance |
| 5:05 | Archer |
| 5:12 | Hunter's Hall |
| 5:43 | Archer |
| 6:00 | Moon Well |
| 6:09 | Dust of Appearance |
| 6:21 | Ancient Protector |
| 7:07 | Silence |
| 7:38 | Moon Well |
| 7:40 | Improved Bows |
| 7:44 | Strength of the Moon |
| 7:47 | Ancient of Lore |
| 7:50 | Ancient of Wind |
| 8:14 | Black Arrow |
| 8:36 | Tree of Life |
| 8:40 | Ancient Protector |
| 8:43 | Archer |
| 8:43 | Archer |
| 9:08 | Wisp |
| 9:08 | Wisp |
| 9:11 | Entangling Roots |
| 9:30 | Dryad |
| 9:30 | Dryad |
| 10:14 | Hippogryph |
| 10:49 | Boots of Speed |
| 10:51 | Wisp |
| 10:51 | Wisp |
| 10:52 | Wisp |
| 10:52 | Wisp |
| 10:54 | Dryad |
| 10:55 | Hippogryph |
| 11:13 | Wisp |
| 12:25 | Archer |
| 12:25 | Archer |
| 12:27 | Dryad |
| 12:27 | Dryad |
| 12:31 | Tree of Eternity |
| 12:41 | Scroll of Town Portal |
| 12:48 | Archer |
| 12:57 | Hippogryph |
| 13:19 | Abolish Magic |
| 13:24 | Ancient of Lore |
| 13:49 | Silence |
| 13:51 | Thorns Aura |
| 15:00 | Black Arrow |
| Right click | 485 |
| Select | 212 |
| Build/train/purchase | 72 |
| Chat | 9 |
| Assign group | 7 |
| Use ability | 5 |
| Resource trade | 5 |
| Remove unit | 1 |
| Select group | 1 |


| Orb of Venom | 1 | 325 |
| Scroll of Town Portal | 2 | 700 |
| Potion of Lesser Invulnerability | 1 | 150 |
| total: | 4 | 1175g |
| Wisp | 20 | 1200 | / | 0 |
| Archer | 15 | 1950 | / | 150 |
| Dryad | 6 | 870 | / | 360 |
| Mountain Giant | 3 | 1050 | / | 300 |
| Druid of the Claw | 4 | 1020 | / | 320 |
| total: | 48 | 6090g | / | 1130w |
| Altar of Elders | 1 | 180 | / | 50 |
| Moon Well | 7 | 1260 | / | 280 |
| Ancient of War | 1 | 150 | / | 60 |
| Ancient of Wonders | 1 | 90 | / | 30 |
| Tree of Life | 1 | 340 | / | 185 |
| Hunter's Hall | 2 | 420 | / | 200 |
| Ancient of Lore | 2 | 310 | / | 290 |
| Tree of Ages | 2 | 640 | / | 360 |
| Tree of Eternity | 1 | 330 | / | 200 |
| total: | 15 | 2750g | / | 1095w |
| 0:02 | Wisp |
| 0:02 | Wisp |
| 0:02 | Wisp |
| 0:02 | Wisp |
| 0:12 | Altar of Elders |
| 0:14 | Moon Well |
| 0:34 | Ancient of War |
| 0:38 | Wisp |
| 0:49 | Wisp |
| 1:04 | Wisp |
| 1:27 | Wisp |
| 1:30 | Moon Well |
| 1:38 | Archer |
| 1:38 | Archer |
| 1:51 | Archer |
| 2:01 | Ancient of Wonders |
| 2:06 | Wisp |
| 2:20 | Mana Burn |
| 2:23 | Archer |
| 2:33 | Wisp |
| 2:34 | Wisp |
| 2:53 | Archer |
| 3:15 | Evasion |
| 3:19 | Archer |
| 3:25 | Tree of Ages |
| 3:44 | Moon Well |
| 4:22 | Archer |
| 4:26 | Tree of Life |
| 5:07 | Archer |
| 5:12 | Hunter's Hall |
| 5:18 | Hunter's Hall |
| 5:33 | Mana Burn |
| 6:04 | Improved Bows |
| 6:13 | Wisp |
| 6:24 | Ancient of Lore |
| 6:26 | Ancient of Lore |
| 6:47 | Wisp |
| 6:47 | Wisp |
| 6:47 | Wisp |
| 6:47 | Wisp |
| 6:47 | Wisp |
| 7:09 | Entangling Roots |
| 7:13 | Archer |
| 7:14 | Strength of the Moon |
| 7:22 | Wisp |
| 7:47 | Dryad |
| 7:50 | Abolish Magic |
| 7:52 | Archer |
| 8:09 | Mountain Giant |
| 8:21 | Dryad |
| 8:22 | Strength of the Wild |
| 8:47 | Dryad |
| 8:57 | Moon Well |
| 9:01 | Reinforced Hides |
| 10:12 | Druid of the Claw |
| 10:13 | Druid of the Claw Adept Training |
| 10:13 | Tree of Eternity |
| 10:15 | Archer |
| 10:17 | Wisp |
| 10:17 | Wisp |
| 10:24 | Moon Well |
| 10:38 | Evasion |
| 10:47 | Scroll of Town Portal |
| 10:53 | Potion of Lesser Invulnerability |
| 10:57 | Archer |
| 10:59 | Mountain Giant |
| 11:03 | Dryad |
| 11:12 | Dryad |
| 11:13 | Druid of the Claw |
| 11:14 | Archer |
| 11:29 | Force of Nature |
| 11:35 | Moon Well |
| 11:35 | Archer |
| 11:38 | Dryad |
| 12:17 | Mountain Giant |
| 12:20 | Moon Well |
| 12:38 | Druid of the Claw Master Training |
| 12:46 | Scroll of Town Portal |
| 13:05 | Orb of Venom |
| 13:49 | Mana Burn |
| 13:58 | Entangling Roots |
| 14:02 | Druid of the Claw |
| 14:51 | Force of Nature |
| 15:01 | Druid of the Claw |
| 15:02 | Mark of the Claw |
| 15:02 | Archer |
| 15:03 | Marksmanship |
| Right click | 359 |
| Select | 316 |
| Chat | 266 |
| Select group | 166 |
| Misc. action | 142 |
| Assign group | 128 |
| Build/train/purchase | 91 |
| Use ability | 38 |
| Minimap ping | 6 |
| Item give/drop | 4 |
| Remove unit | 1 |
⇛